cohdb
Replays
Latest Replays
All Replays
Popular Replays
Top Player Replays
Match Explorer
How It Works
Community
CoH3 Stats
Reddit
Sign in to upload your games and track your stats! →
Sign in with Steam
Match 37848099
Unlisted
Match 37848099
Overview
Messages
Build Orders
End
Construct Barracks
Riflemen Squad
M1 Mortar Team
Riflemen Squad
M1 Mortar Team
Riflemen Squad
Infantry Support Center
Construct Motor Pool
M1 Anti-tank Gun Team
M8 Greyhound Armored Car
M24 Chaffee Light Tank
Selects Special Operations Battlegroup
Selects M29 Weasel Recon Vehicle
Selects P-47 Anti-Infantry Loiter
P-47 Anti-Infantry Loiter
Engineer Squad
Rock`n`Rolla
[GG]Quiq
siweici
2687850660
Eekay
Gr8Sp4rx
gamerat88
Dr.richtofen
0
0
Comments
sign in to comment!
No comments posted yet!